 Dungeon Crawl Stone Soup version 0.21.1-1-g345015f (webtiles) character file.

175 jamsan the Ducker (level 5, 0/25 HPs)
             Began as a Spriggan Warper on June 8, 2018.
             Killed from afar by Sigmund (6 damage)
             ... with a magic dart
             ... on level 2 of the Dungeon.
             The game lasted 00:58:37 (6920 turns).

jamsan the Ducker (Spriggan Warper)                 Turns: 6920, Time: 00:58:38

Health: 0/25       AC:  4    Str: 12    XL:     5   Next: 29%
Magic:  11/11      EV: 20    Int: 14    God:
Gold:   141        SH:  0    Dex: 17    Spells: 4/11 levels left

rFire    . . .     SeeInvis +   a - +0 short sword
rCold    . . .     Gourm    .   (shield restricted)
rNeg     . . .     Faith    .   b - +1 robe
rPois    .         Spirit   .   (helmet restricted)
rElec    .         Reflect  .   (no cloak)
rCorr    .         Harm     .   (gloves unavailable)
MR       .....                  (boots unavailable)
Stlth    +++.......             (no amulet)
HPRegen  0.08/turn              t - +1 ring of protection
MPRegen  0.12/turn              q - +5 ring of strength

@: very quick
A: very small, unfitting armour, see invisible, herbivore, speed 3, slow
metabolism 2
a: no special abilities


You were on level 2 of the Dungeon.
You were not hungry.

You visited 1 branch of the dungeon, and saw 4 of its levels.

You collected 141 gold pieces.

Inventory:

Hand Weapons
 a - a +0 short sword (weapon)
 l - a +2 vampiric dagger
Missiles
 e - 5 tomahawks of dispersal (quivered)
 m - 75 stones
Armour
 b - a +1 robe (worn)
Jewellery
 p - an uncursed ring of resist corrosion
 q - a +5 ring of strength (right hand)
 t - a +1 ring of protection (left hand)
Wands
 n - a wand of polymorph (10)
Scrolls
 g - 2 scrolls of enchant armour
 h - a scroll of amnesia {unknown}
 k - 3 scrolls of teleportation {unknown}
 o - a scroll of remove curse {unknown}
Potions
 j - a potion of heal wounds {unknown}
 r - a potion of cancellation
 u - a potion of curing
Books
 c - a book of Spatial Translocations

   Spells                             Type                      Level
   a - Blink                          Translocation                2
   b - Shroud of Golubria             Charms/Translocation         2
   c - Lesser Beckoning               Translocation                3
   d - Gell's Gravitas                Translocation                3
   e - Teleport Other                 Translocation                3
   f - Passage of Golubria            Translocation                4
Comestibles
 f - 4 rations


   Skills:
 - Level 1.5 Fighting
 + Level 3.5 Short Blades
 - Level 1.0 Throwing
 + Level 5.0 Dodging
 + Level 3.6 Stealth
 - Level 3.8 Spellcasting
 + Level 1.7 Charms
 - Level 4.6 Translocations


You had 4 spell levels left.
You knew the following spells:

 Your Spells              Type           Power        Failure   Level  Hunger
a - Blink                 Tloc           N/A          4%          2    ##.....
b - Shroud of Golubria    Chrm/Tloc      ##........   8%          2    ##.....
c - Teleport Other        Tloc           ###.....     9%          3    ###....


Dungeon Overview and Level Annotations

Branches:
Dungeon (4/15)
 Temple: D:4-7

Altars:
Sif Muna

Annotations:
D:2 exclusions: downstairs and 1 more exclusion, Robin, Sigmund
D:3 Terence


Innate Abilities, Weirdness & Mutations

You are very small and have problems with some larger weapons.
You are too small for most types of armour.
You have supernaturally acute eyesight. (SInv)
You are a herbivore.
You cover ground extremely quickly.
You need consume almost no food.


Message History

You start resting.
HP restored.
There is a stone staircase leading down here.
You climb downwards.
Level annotation: exclusions: downstairs and 1 more exclusion, Robin, Sigmund
There is a stone staircase leading up here.
Sigmund shouts!
Items here: ))))) a club; a dagger; a club x3
Sigmund casts a spell at you. The puff of flame hits you!
Items here: ))))) a club; a dagger; a club x3
Sigmund casts a spell at you. The puff of flame hits you!
* * * LOW HITPOINT WARNING * * *
There is a stone staircase leading up here.
Sigmund gestures at you while chanting. The magic dart hits you!
You die...

#..# #.# #...# #..#
#.#######...# #..####
#.......##.## ......#
######.#.#.#
#..##.########.###..#
#..##.........## ##.#
#..###########.###..#
#..#### ##..#...#
#.....# ##...@#..#
#.###.# ####.....#..#
#.# #.#
#........#..####### ..#
#.# #.##.....#........#
###
#.###.......[...#####.#
# #..........####.# #.#
# #########..# #.# #.#
# #.@####.# #.# #
#.......# #.#


You could see Sigmund.

Vanquished Creatures
  3 gnolls (D:3)
  4 adders (D:2)
  A worm (D:2)
  3 dart slugs
  3 leopard geckos
  8 orcs (D:3)
  A ball python (D:2)
  6 bats
  3 giant cockroaches
  17 goblins
  11 hobgoblins
  4 jackals (D:2)
  4 kobolds
  A quokka (D:2)
  8 frilled lizards
  8 rats
85 creatures vanquished.

Notes
Turn   | Place    | Note
-------+----------+-------------------------------------------
     0 | D:1      | jamsan the Spriggan Warper began the quest for the Orb.
     0 | D:1      | Reached XP level 1. HP: 10/10 MP: 5/5
   440 | D:1      | Reached skill level 1 in Stealth
   440 | D:1      | Reached XP level 2. HP: 14/14 MP: 6/6
   444 | D:1      | Learned a level 2 spell: Blink
   447 | D:1      | Learned a level 2 spell: Shroud of Golubria
  1331 | D:1      | Reached skill level 4 in Dodging
  1975 | D:2      | Reached XP level 3. HP: 6/18 MP: 4/8
  2303 | D:2      | Found a faded altar of an unknown god.
  2757 | D:2      | Learned a level 3 spell: Teleport Other
  2890 | D:2      | Noticed Robin
  3198 | D:2      | Reached XP level 4. HP: 18/22 MP: 8/10
  3523 | D:2      | Noticed Sigmund
  4060 | D:2      | HP: 1/22 [poisoned by an adder]
  4352 | D:3      | Found a deep blue altar of Sif Muna.
  4745 | D:3      | Reached skill level 1 in Charms
  4758 | D:3      | Reached XP level 5. HP: 10/25 MP: 8/11
  5028 | D:3      | Noticed Terence
  6513 | D:3      | Reached skill level 5 in Dodging
  6547 | D:2      | HP: 1/25 [orc wizard/magic dart (3)]
  6920 | D:2      | Killed from afar by Sigmund

Skill      XL: |  1  2  3  4  5 |
---------------+----------------+-----
Stealth        | 1 2 3 |  3.6
Spellcasting   | 3 |  3.8
Dodging        | 4 5 |  5.0
Short Blades   | 3 |  3.5
Charms         | 1 |  1.7
Fighting       | |  1.5
Throwing       | |  1.0
Translocations | |  4.6

Action                   |  1- 3 |  4- 6 || total
-------------------------+-------+-------++-------
Melee: Short sword       |   275 |   253 ||   528
 Cast: Shroud of Golubri |    19 |    20 ||    39
       Blink             |     4 |     6 ||    10
       Teleport Other    |     1 |       ||     1
  Use: Scroll            |       |     7 ||     7
       Potion            |       |     1 ||     1
 Stab: Sleeping          |     5 |     2 ||     7
  Eat: Ration            |       |     4 ||     4
Armor: Robe              |    23 |    16 ||    39
Dodge: Dodged            |   267 |   235 ||   502
